Map: Costas tropicales

Players

MrFercho - Winner!

  • Race: Terran Terran
  • Spawn Location: 0:00

tigro

  • Race: Terran Terran
  • Spawn Location: 5:00

VOD

Have the link to the VOD?

Description

Time

  • Played on: March 22, 2020, 9:41 p.m.
  • Length: 19:33
Show
View Real Time Build Order
Export as new Build Order

MrFercho Terran - Winner!

Build Orders:  

Get SALT Encoding   

  12  0:02  SCV  
  13  0:15  SCV  
  14  0:22  Supply Depot  
  14  0:31  Refinery  
  14  0:34  SCV  
  15  0:46  SCV  
  16  1:00  SCV, Engineering Bay  
  17  1:12  SCV  
  18  1:21  Barracks  
  18  1:24  SCV  
  19  1:27  Refinery  
  19  1:36  SCV  
  19  1:37  Supply Depot  
  20  1:48  SCV  
  21  2:06  SCV  
  22  2:24  Orbital Command  
  22  2:27  Factory  
  22  2:34  Barracks Tech Lab  
  22  2:44  Supply Depot  
  22  3:09  Command Center  
  22  3:18  Factory Tech Lab  
  22  3:19  Refinery x2, Starport  
  22  3:34  Armory, SCV  
  23  3:59  Starport  
  23  4:00  Starport Tech Lab  
  23  4:22  SCV x2  
  25  4:34  SCV x2  
  25  4:37  Liberator  
  30  4:38  Liberator  
  33  4:46  SCV x2  
  35  4:58  SCV x2  
  35  4:59  Armory, Cloaking Field  
  37  5:10  SCV  
  38  5:22  SCV  
  39  5:29  Engineering Bay, Starport Tech Lab  
  39  5:34  SCV  
  40  5:46  SCV  
  41  5:56  Orbital Command  
  41  5:58  SCV  
  42  6:12  SCV  
  43  6:25  SCV  
  44  6:26  Armory  
  44  6:35  Engineering Bay  
  44  6:37  SCV  
  45  6:49  SCV  
  46  7:01  SCV  
  47  7:07  Command Center  
  47  7:16  Fusion Core  
  47  8:03  Fusion Core  
  47  8:22  Refinery  
  47  8:29  Liberator x2  
  53  8:47  Refinery  
  53  9:08  Thor  
  59  9:24  Terran Vehicle Weapons Level 1, Terran Vehicle And Ship Armor Level 1  
  59  9:25  Terran Ship Weapons Level 1  
  59  9:27  Weapon Refit  
  59  9:28  Rapid Reignition System  
  59  9:43  Factory  
  59  9:46  Orbital Command  
  59  9:51  SCV  
  59  9:52  SCV  
  61  10:04  SCV x2  
  63  10:11  Banshee  
  63  10:12  Banshee  
  69  10:24  Advanced Ballistics  
  69  10:27  Factory  
  69  11:07  SCV x2  
  69  11:11  Factory  
  68  11:19  SCV  
  69  11:31  Banshee  
  69  11:55  Factory  
  69  12:34  Banshee  
  69  12:36  SCV x2  
  68  12:40  Banshee  
  68  12:48  SCV  
  66  13:17  Banshee  
  69  13:34  Banshee  
  69  13:36  Siege Tank  
  69  13:40  Factory Tech Lab x4  
  69  14:11  Banshee  
  69  14:12  Siege Tank  
  75  14:17  Banshee  
  78  14:28  Cyclone x3  
  78  14:29  Cyclone  
  90  14:44  Siege Tank  
  93  15:20  Supply Depot  
  93  15:21  Supply Depot  
  93  15:23  Supply Depot  
  93  15:24  Supply Depot  
  93  15:26  Supply Depot x2  
  93  15:42  Cyclone x4, Banshee  
  108  15:43  Supply Depot x2  
  108  15:45  Siege Tank  
  111  16:14  Cyclone x4  
  111  16:17  Siege Tank  
  126  16:46  Cyclone x3  
  132  17:22  Infernal Pre-Igniter  
  132  17:23  Mag-Field Accelerator  
  132  17:24  Drilling Claws, Smart Servos  
Show
View Real Time Build Order
Export as new Build Order

tigro Terran 

Build Orders:  

Get SALT Encoding   

  12  0:03  SCV  
  13  0:21  Supply Depot  
  13  0:25  SCV  
  14  0:37  SCV  
  15  0:49  SCV  
  16  0:55  Barracks  
  16  1:01  SCV  
  16  1:04  Refinery  
  17  1:09  Refinery  
  17  1:14  SCV, Supply Depot  
  18  1:43  Marine  
  18  1:44  Barracks  
  19  2:01  Marine  
  20  2:10  SCV  
  20  2:15  Engineering Bay  
  21  2:19  Marine  
  21  2:22  SCV  
  23  2:34  SCV, Barracks Tech Lab  
  23  2:37  Marine  
  25  2:46  SCV  
  26  2:54  Marine  
  27  3:09  Marauder  
  29  3:12  Reaper  
  29  3:14  Missile Turret  
  30  3:26  Missile Turret  
  30  3:34  Combat Shield  
  30  3:45  Reaper  
  31  4:00  Command Center  
  31  4:21  Supply Depot  
  31  4:35  Barracks Tech Lab  
  31  4:42  SCV, Marauder  
  34  4:53  Stimpack  
  34  5:04  Marauder  
  36  5:10  Factory  
  36  5:21  Planetary Fortress  
  36  5:25  Orbital Command  
  36  5:58  SCV  
  36  6:03  Missile Turret  
  37  6:10  SCV  
  38  6:20  Missile Turret  
  38  6:22  SCV  
  39  6:27  Refinery  
  39  6:32  Concussive Shells  
  39  6:34  SCV  
  40  6:46  SCV  
  41  6:51  Missile Turret, Factory Tech Lab  
  41  6:52  Missile Turret  
  41  7:00  SCV  
  42  7:07  Refinery  
  42  7:12  SCV  
  41  7:24  SCV  
  36  7:35  Supply Depot  
  36  7:36  SCV  
  27  7:57  Marine  
  23  7:59  Marine  
  24  8:14  Marine  
  24  8:17  Marine  
  22  8:28  Missile Turret  
  22  8:32  Marine  
  22  8:35  Marine  
  21  8:50  Marine  
  21  8:53  Marine  
  19  9:08  Marine  
  19  9:10  Marine  
  19  9:13  Missile Turret  
  17  9:26  Marine  
  17  9:28  Marine  
  17  9:34  Armory  
  17  9:43  Marine  
  15  10:23  Thor  
  21  10:30  Missile Turret  
  21  10:36  Marine  
  21  10:39  Marine  
  22  10:54  Marine  
  23  10:57  Marine  
  21  11:12  Marine  
  21  11:15  Marine  
  17  11:29  Marine  
  17  11:32  Marine  
  20  11:47  Marine  
  20  11:50  Marine  
  14  12:06  Marauder  
  15  12:09  Marauder  
  15  12:27  Marauder  
  17  12:30  Marauder  
  19  12:37  Refinery  
  19  12:48  Marauder  
  16  12:51  Marauder  
  16  13:13  Marauder  
  12  14:00  Missile Turret  
  12  14:03  Barracks Tech Lab  
  12  14:25  SCV  
  13  14:41  SCV  
  14  14:53  SCV  
  15  15:23  Marine  
  14  15:35  Missile Turret  
  14  15:41  Marine  
  15  15:55  Refinery  
  15  15:58  Marine  
  15  16:11  Missile Turret  
  15  16:16  Marine  
  12  16:47  Barracks  
  7  17:02  Barracks  
Tags
 
Matchup
TvT
Race
Terran
Replay Pack
MrFercho
Add a new tag
Caveats
  • Supply blocks, unpowered buildings, or Contaminate may cause inaccurate times.
  • Supply counts are checked every 10 seconds.